 Dungeon Crawl Stone Soup version 0.29-a0-872-g797fff5ad1 (webtiles) character file.

Game seed: 13894013482165690792

23 PentaManta the Ruffian (level 2, -1/26 HPs)
             Began as a Ghoul Monk on July 18, 2022.
             Slain by a gnoll
             ... wielding a +0 flail
              (3 damage)
             ... on level 2 of the Dungeon.
             The game lasted 00:01:42 (996 turns).

PentaManta the Ruffian (Ghoul Monk)                  Turns: 996, Time: 00:01:42

Health: -1/26      AC: 11    Str: 14    XL:     2   Next: 95%
Magic:  1/1        EV: 11    Int:  5    God:
Gold:   72         SH:  0    Dex: 11    Spells: 1/1 levels left

rFire   . . .      SeeInvis .     - Unarmed
rCold   + . .      Faith    .   (no shield)
rNeg    + + +      Spirit   .   c - +0 ring mail
rPois   ∞          Reflect  .   i - +2 helmet
rElec   .          Harm     .   (no cloak)
rCorr   .          Rampage  .   (no gloves)
Will    .....                   o - +2 pair of boots
Stlth   +.........              (no amulet)
HPRegen 0.00/turn               (no ring)
MPRegen 0.07/turn               (no ring)

@: inhibited regen
A: claws 1, cold resistance 1, negative energy resistance 3, inhibited
regeneration, torment resistance 2, devour on kill
a: no special abilities


You were on level 2 of the Dungeon.
You visited 1 branch of the dungeon, and saw 2 of its levels.

You collected 72 gold pieces.

Inventory:

Missiles
 b - 5 javelins (quivered)
Armour
 a - a +0 robe
 c - a +0 ring mail (worn)
 h - a +0 chain mail
 i - a +2 helmet (worn)
 n - a +0 buckler
 o - a +2 pair of boots (worn)
Scrolls
 d - 3 scrolls of teleportation {unknown}
 e - a scroll of immolation {unknown}
 j - a scroll of vulnerability {unknown}
 k - a scroll of identify {unknown}
Potions
 f - a potion of magic {unknown}
 g - a potion of attraction {unknown}
 l - a potion of haste {unknown}
 m - a potion of flight {unknown}


   Skills:
 - Level 3.2 Fighting
 - Level 2.6 Dodging
 - Level 2.1 Stealth
 + Level 4.4 Unarmed Combat


You had one spell level left.
You didn't know any spells.
Your spell library was empty.

Dungeon Overview and Level Annotations

Branches:
Dungeon (2/15)

Altars:


Innate Abilities, Weirdness & Mutations

You are immune to poison.
You have sharp fingernails.
Your flesh is cold resistant. (rC+)
You are immune to negative energy. (rN+++)
You do not regenerate when monsters are visible.
You are immune to unholy pain and torment.
You thrive by killing the living.


Message History

An endoplasm is nearby!
An endoplasm is nearby!
The endoplasm jiggles.
The endoplasm barely misses you.
You claw the endoplasm!
You kill the endoplasm!
No target in view!
No target in view!
Found an escape hatch in the floor.
There is an escape hatch in the floor here.
Found a long sword.
You see here a +0 long sword.
A frilled lizard comes into view.
The frilled lizard hisses angrily.
You closely miss the frilled lizard. The frilled lizard closely misses you.
You closely miss the frilled lizard. You claw the frilled lizard.
You kill the frilled lizard!
No target in view!
A gnoll comes into view. It is wielding a +0 halberd.
A gnoll is nearby!
A gnoll is nearby!
A gnoll comes into view. It is wielding a +0 flail.
The gnoll hits you with a +0 halberd!
You scratch the gnoll but do no damage. The gnoll hits you with a +0 halberd!
You scratch the gnoll but do no damage. The gnoll closely misses you. x2
You claw the gnoll!
The gnoll is severely wounded.
The gnoll barely misses you. x2
You scratch the gnoll.
The gnoll is severely wounded.
The gnoll barely misses you. The gnoll hits you with a +0 flail.
* * * LOW HITPOINT WARNING * * *
You barely miss the gnoll.
The gnoll is severely wounded.
The gnoll barely misses you. The gnoll hits you with a +0 flail.
* * * LOW HITPOINT WARNING * * *
You scratch the gnoll.
The gnoll is almost dead.
The gnoll hits you but does no damage. The gnoll hits you with a +0 flail.
You die...

.#.###..##......
....#...#.............
.###.##.#............
.###.##......###....
...........### #...#
##...#..#.# #...#
##........# #...#
....##..### #gg.#
#...##..########@..#####
#......................#
....##.###........####.#
######.###.#..##.#####.#
#.##...........##.###
#........##.##......#
#.......###.#####.#.#
##.#..............#.#
#.#.........######.####


You could see 2 gnolls.

Vanquished Creatures
  2 ball pythons
  3 endoplasms
  A goblin (D:1)
  A hobgoblin (D:1)
  4 jackals (D:1)
  5 bats
  2 frilled lizards (D:2)
  3 kobolds
  A rat (D:1)
22 creatures vanquished.

Notes
Turn   | Place    | Note
-------+----------+-------------------------------------------
     0 | D:1      | PentaManta the Ghoul Monk began the quest for the Orb.
     0 | D:1      | Reached XP level 1. HP: 19/19 MP: 0/0
   546 | D:1      | Reached XP level 2. HP: 26/26 MP: 1/1
   564 | D:1      | Reached skill level 4 in Unarmed Combat
   996 | D:2      | Slain by a gnoll

Illustrated notes

Levels and vault maps discovered:
D:1:      minmay_arrival_four_circles, layout_basic, roderic_roman_lattice,
          kennysheep_minor_cross, nrook_uturn, minmay_misc_feat_doors,
          minmay_three_crescents
D:2:      layout_loops_cross, shapermc_ecumenical_altar_mp_vishouse

Skill      XL: |  1  2 |
---------------+-------+-----
Unarmed Combat | 4 |  4.4
Fighting       | |  3.2
Dodging        | |  2.6
Stealth        | |  2.1

Action                   || total
-------------------------++-------
Melee: Unarmed           ||    70
       Punch             ||     2
  Use: Potion            ||     1
Armor: Robe              ||    27
       Ring mail         ||     8
Dodge: Dodged            ||    70

Table legend: (Time is in decaauts)
 A = Elapsed time spent in this place.
 B = Non-inter-level travel time spent in this place.
 C = Inter-level travel time spent in this place.
 D = Time resting spent in this place.
 E = Time spent auto-exploring this place.
 F = Levels seen in this place.
 G = Mean time per level.
                   A        B        C        D        E       F      G
               +--------+--------+--------+--------+--------+-----+--------+
         Total |    990 |    960 |     30 |      0 |    705 |   2 |  495.0 |
       Dungeon |    990 |    960 |     30 |      0 |    705 |   2 |  495.0 |
               +--------+--------+--------+--------+--------+-----+--------+

Top non-repeatable levels by time:
     D:1: 743 daAuts
     D:2: 246 daAuts
